[Event "58th Akiba Rubinstein B 2022"]
[Site "Polanica-Zdroj"]
[Date "2022.08.20"]
[Round "8.2"]
[White "Buchholz, Maja"]
[Black "Zerebiec, Maurycy"]
[Result "0-1"]
[ECO "A37"]
[WhiteElo "1879"]
[BlackElo "1915"]
[Annotator "NA RC"]
[PlyCount "84"]
[EventDate "2022.08.13"]
[EventCountry "POL"]
[SourceTitle "playchess.com"]
[Source "ChessBase"]
[SourceQuality "1"]
[TimeControl "40/5400+30:1800+30"]

1. c4 c5 2. g3 Nc6 3. Bg2 g6 4. Nc3 Bg7 5. Nf3 e5 6. O-O d6 7. a3 Nge7 8. b4 Be6 9. Ng5 Bxc4 10. d3 e4 11. Ncxe4 Bd5 12. bxc5 dxc5 13. Bf4 O-O 14. Nd6 Bxg2 15. Kxg2 Nd5 16. Nxb7 Nxf4+ 17. gxf4 Qe7 18. Rb1 Rab8 19. Qa4 Nd4 20. Na5 Rxb1 21. Rxb1 Qxe2 22. Qd1 Qxd1 23. Rxd1 f5 24. Re1 Bf6 25. Rb1 h6 26. Nh3 Kg7 27. Nc4 Rf7 28. Ne5 Bxe5 29. fxe5 g5 30. f4 g4 31. Ng1 Rd7 32. Kg3 Nc2 33. Rb3 Ne1 34. Kf2 Nxd3+ 35. Ke3 Ne1 36. Ne2 Nc2+ 37. Kf2 Rd2 38. Rc3 Nd4 39. Re3 h5 40. Ke1 Rxe2+ 41. Rxe2 Nxe2 42. Kxe2 h4 0-1

[Event "58th Akiba Rubinstein B 2022"]
[Site "Polanica-Zdroj"]
[Date "2022.08.20"]
[Round "8.3"]
[White "Terkiewicz, Bruno"]
[Black "Lukasiewicz, Anna"]
[Result "1-0"]
[ECO "D31"]
[WhiteElo "1473"]
[BlackElo "1954"]
[Annotator "NA RC"]
[PlyCount "79"]
[EventDate "2022.08.13"]
[EventCountry "POL"]
[SourceTitle "playchess.com"]
[Source "ChessBase"]
[SourceQuality "1"]
[TimeControl "40/5400+30:1800+30"]

1. d4 d5 2. c4 e6 3. Nc3 Be7 4. cxd5 exd5 5. Nf3 Nf6 6. Bg5 c6 7. e3 Bf5 8. Bd3 Bxd3 9. Qxd3 O-O 10. Bxf6 Bxf6 11. b4 a6 12. O-O Nd7 13. a4 Nb6 14. Rfc1 Nc4 15. b5 axb5 16. axb5 Qe7 17. bxc6 bxc6 18. Nd2 Nd6 19. Na4 Rfc8 20. Nc5 g6 21. Qc2 Nf5 22. Nf3 h5 23. Nb3 Rxa1 24. Rxa1 Kg7 25. Ra6 Qe8 26. h3 Qd7 27. Nc5 Qe7 28. Qa4 Qe8 29. Qc2 Qe7 30. Qc1 g5 31. Nd3 g4 32. Nfe5 Bxe5 33. Nxe5 Qg5 34. hxg4 Nxd4 35. Qa1 Qxe5 36. exd4 Qg5 37. gxh5 Qxh5 38. Ra3 Rh8 39. Rg3+ Kf6 40. Rh3 1-0

[Event "58th Akiba Rubinstein B 2022"]
[Site "Polanica-Zdroj"]
[Date "2022.08.20"]
[Round "8.4"]
[White "Mielczarek, Daniel"]
[Black "Lukasik, Zuzanna"]
[Result "0-1"]
[ECO "D02"]
[WhiteElo "1912"]
[BlackElo "1700"]
[Annotator "NA RC"]
[PlyCount "87"]
[EventDate "2022.08.13"]
[EventCountry "POL"]
[SourceTitle "playchess.com"]
[Source "ChessBase"]
[SourceQuality "1"]
[TimeControl "40/5400+30:1800+30"]

1. Nf3 d5 2. d4 c5 3. c3 e6 4. Bf4 Nc6 5. e3 Nf6 6. Nbd2 Bd6 7. Bg5 h6 8. Bh4 g5 9. Bg3 Nh5 10. Bxd6 Qxd6 11. Ne5 Nf6 12. h4 Rg8 13. Qf3 Nxe5 14. Qxf6 Ng4 15. Qf3 f5 16. hxg5 hxg5 17. Bb5+ Bd7 18. Bxd7+ Qxd7 19. dxc5 Qb5 20. Nb3 O-O-O 21. Qe2 Qd7 22. O-O-O Qa4 23. f3 Ne5 24. Kb1 g4 25. Nd4 gxf3 26. gxf3 Rg6 27. Rdg1 Qe8 28. Qh2 Nc4 29. Qf4 a6 30. b3 Na3+ 31. Kb2 Nb5 32. Nxb5 axb5 33. Rh7 Rd7 34. Rxd7 Kxd7 35. Qd6+ Kc8 36. Rxg6 Qxg6 37. Ka3 b4+ 38. Kxb4 Qf6 39. f4 Qf7 40. a4 Qe8 41. Ka5 e5 42. Kb6 Qf7 43. fxe5 d4 44. e6 0-1

[Event "58th Akiba Rubinstein B 2022"]
[Site "Polanica-Zdroj"]
[Date "2022.08.20"]
[Round "8.5"]
[White "Kossowski, Pawel"]
[Black "Graff, Slawomir"]
[Result "1/2-1/2"]
[ECO "C10"]
[WhiteElo "1737"]
[BlackElo "1782"]
[Annotator "NA RC"]
[PlyCount "96"]
[EventDate "2022.08.13"]
[EventCountry "POL"]
[SourceTitle "playchess.com"]
[Source "ChessBase"]
[SourceQuality "1"]
[TimeControl "40/5400+30:1800+30"]

1. e4 e6 2. d4 d5 3. Nd2 dxe4 4. Nxe4 Nd7 5. Nf3 Ngf6 6. Nxf6+ Nxf6 7. Bd3 c5 8. dxc5 Bxc5 9. O-O O-O 10. Bg5 b6 11. Qe2 Bb7 12. Rad1 Qc7 13. Bxf6 gxf6 14. Be4 Rfd8 15. Bxb7 Qxb7 16. Rd3 Rxd3 17. Qxd3 Be7 18. Rd1 Rd8 19. Qe2 Rxd1+ 20. Qxd1 Qe4 21. Qd3 f5 22. Qxe4 fxe4 23. Nd2 f5 24. Kf1 Kf7 25. Ke2 e5 26. a4 h5 27. a5 bxa5 28. Nc4 a4 29. Nxe5+ Ke6 30. Nc4 Kd5 31. Ne3+ Ke5 32. g3 Bc5 33. Nc4+ Kd5 34. Ne3+ Ke5 35. Nc4+ Kd5 36. Ne3+ Ke6 37. Nc4 f4 38. f3 Kf5 39. fxe4+ Kxe4 40. Nd2+ Kf5 41. Kf3 fxg3 42. hxg3 Bf8 43. Ne4 Ke5 44. Nc3 a3 45. bxa3 Bxa3 46. Nb5 Bc5 47. Nxa7 Bxa7 48. g4 hxg4+ 1/2-1/2

[Event "58th Akiba Rubinstein B 2022"]
[Site "Polanica-Zdroj"]
[Date "2022.08.20"]
[Round "8.6"]
[White "Smukowski, Bartosz"]
[Black "Nowak, Roksana"]
[Result "1/2-1/2"]
[ECO "A05"]
[WhiteElo "1696"]
[BlackElo "1779"]
[Annotator "NA RC"]
[PlyCount "52"]
[EventDate "2022.08.13"]
[EventCountry "POL"]
[SourceTitle "playchess.com"]
[Source "ChessBase"]
[SourceQuality "1"]
[TimeControl "40/5400+30:1800+30"]

1. Nf3 Nf6 2. g3 e6 3. Bg2 d5 4. d4 Be7 5. O-O O-O 6. Nc3 a5 7. a3 Bd7 8. Ne5 Bc6 9. Bg5 h6 10. Bxf6 Bxf6 11. Nxc6 Nxc6 12. e3 Na7 13. Qd3 c6 14. Rfb1 b5 15. b4 a4 16. Ne2 Be7 17. Re1 Bd6 18. c3 Nc8 19. e4 f5 20. exd5 exd5 21. Qf3 Nb6 22. Nf4 Bxf4 23. Qxf4 Nc4 24. Bf1 g5 25. Qf3 Nd2 26. Qd3 Nxf1 1/2-1/2

[Event "58th Akiba Rubinstein B 2022"]
[Site "Polanica-Zdroj"]
[Date "2022.08.20"]
[Round "8.7"]
[White "Bartlomowicz, Jakub"]
[Black "Jaworski, Tymon"]
[Result "0-1"]
[ECO "C77"]
[WhiteElo "1922"]
[BlackElo "1701"]
[Annotator "NA RC"]
[PlyCount "68"]
[EventDate "2022.08.13"]
[EventCountry "POL"]
[SourceTitle "playchess.com"]
[Source "ChessBase"]
[SourceQuality "1"]
[TimeControl "40/5400+30:1800+30"]

1. e4 e5 2. Nf3 Nc6 3. Bb5 a6 4. Ba4 Nf6 5. d3 d6 6. c3 Be7 7. O-O O-O 8. h3 b5 9. Bc2 Bb7 10. Nbd2 Re8 11. Re1 Bf8 12. a4 d5 13. exd5 Qxd5 14. axb5 axb5 15. Rxa8 Bxa8 16. Ne4 Nxe4 17. Rxe4 Qd6 18. Qe2 Nd8 19. Re3 Qg6 20. d4 f5 21. Rxe5 Rxe5 22. dxe5 Be7 23. Qd3 Be4 24. Qe2 Ba8 25. Bb3+ Kf8 26. Qd1 c5 27. Bd5 Nc6 28. Bf4 Qe8 29. Qd3 Qd7 30. e6 Qd8 31. Qxf5+ Bf6 32. e7+ Nxe7 33. Qxh7 Qxd5 34. Qh8+ Ng8 0-1

[Event "58th Akiba Rubinstein B 2022"]
[Site "Polanica-Zdroj"]
[Date "2022.08.20"]
[Round "8.8"]
[White "Halhoul, Adam"]
[Black "Twardowski, Hubert"]
[Result "0-1"]
[ECO "A65"]
[WhiteElo "1672"]
[BlackElo "1849"]
[Annotator "NA RC"]
[PlyCount "108"]
[EventDate "2022.08.13"]
[EventCountry "POL"]
[SourceTitle "playchess.com"]
[Source "ChessBase"]
[SourceQuality "1"]
[TimeControl "40/5400+30:1800+30"]

1. d4 Nf6 2. c4 e6 3. Nc3 c5 4. d5 exd5 5. cxd5 d6 6. e4 g6 7. h3 Bg7 8. Nf3 O-O 9. Bd3 Re8 10. O-O Na6 11. Re1 Nc7 12. Bf4 b6 13. Bh2 a6 14. a4 Rb8 15. Bf1 b5 16. e5 dxe5 17. d6 Ne6 18. axb5 axb5 19. Bxb5 Bd7 20. Bxd7 Nxd7 21. Bxe5 Nxe5 22. Nxe5 Nd4 23. Nc4 Rxe1+ 24. Qxe1 Nc2 25. Qd1 Nxa1 26. Qxa1 Bd4 27. Qe1 Qe8 28. Qxe8+ Rxe8 29. Nd5 Rd8 30. Ne7+ Kf8 31. Nc6 Rd7 32. Nxd4 cxd4 33. Kf1 Rb7 34. Ke2 Rb3 35. Kd2 d3 36. f4 Ke8 37. Ke3 Kd7 38. Kd2 Ke6 39. g4 f6 40. h4 f5 41. g5 Kd7 42. Ne5+ Kxd6 43. Nxd3 Kd5 44. Kc2 Rb7 45. Kd2 Kd4 46. b4 Kc4 47. Ke3 Rb6 48. Ne5+ Kxb4 49. Nd3+ Kc3 50. Ne5 Re6 51. Kf3 Kd4 52. h5 Rxe5 53. fxe5 Kxe5 54. hxg6 hxg6 0-1

[Event "58th Akiba Rubinstein B 2022"]
[Site "Polanica-Zdroj"]
[Date "2022.08.20"]
[Round "8.9"]
[White "Rogala, Milosz"]
[Black "Jankowski, Aleksander"]
[Result "1/2-1/2"]
[ECO "B30"]
[WhiteElo "1837"]
[BlackElo "1715"]
[Annotator "NA"]
[PlyCount "43"]
[EventDate "2022.08.13"]
[EventCountry "POL"]
[SourceTitle "playchess.com"]
[Source "ChessBase"]
[SourceQuality "1"]
[TimeControl "40/5400+30:1800+30"]

1. e4 c5 2. Nf3 Nc6 3. Nc3 e6 4. d4 d5 5. exd5 exd5 6. Be3 c4 7. g3 Nf6 8. Bg5 Bb4 9. Bxf6 Qxf6 10. Bg2 O-O 11. O-O Be6 12. Ne2 Rfe8 13. Nf4 Rad8 14. c3 Bd6 15. Nxe6 Rxe6 16. Re1 Bc7 17. Qd2 Rde8 18. Rxe6 Qxe6 19. Re1 Qd7 20. Rxe8+ Qxe8 21. Qe1 Kf8 22. Qxe8+ 1/2-1/2

[Event "58th Akiba Rubinstein B 2022"]
[Site "Polanica-Zdroj"]
[Date "2022.08.20"]
[Round "8.10"]
[White "Sypien, Natan"]
[Black "Trusz, Julia"]
[Result "1/2-1/2"]
[ECO "B17"]
[WhiteElo "1780"]
[BlackElo "1706"]
[Annotator "NA RC"]
[PlyCount "76"]
[EventDate "2022.08.13"]
[EventCountry "POL"]
[SourceTitle "playchess.com"]
[Source "ChessBase"]
[SourceQuality "1"]
[TimeControl "40/5400+30:1800+30"]

1. e4 c6 2. d4 d5 3. Nc3 dxe4 4. Nxe4 Nd7 5. Nf3 Ngf6 6. Ng3 g6 7. Be2 Bg7 8. Bg5 Qb6 9. Qc1 h6 10. Bd2 c5 11. c3 cxd4 12. cxd4 Nd5 13. O-O N7f6 14. a4 Bd7 15. a5 Qc7 16. Qd1 O-O 17. Ne5 Be6 18. f4 Bc8 19. f5 g5 20. Bd3 Nd7 21. Rc1 Qd6 22. Ne4 Qb8 23. Nxd7 Bxd4+ 24. Kh1 Bxd7 25. Qh5 Bg7 26. Bxg5 hxg5 27. f6 Nf4 28. Qxg5 Ng6 29. fxe7 Rc8 30. Nf6+ Bxf6 31. Rxc8+ Qxc8 32. Qxf6 Qe8 33. Bc4 Be6 34. Bxe6 fxe6 35. Qxe6+ Kg7 36. Qf6+ Kg8 37. Qe6+ Kg7 38. Qf6+ Kg8 1/2-1/2

[Event "58th Akiba Rubinstein B 2022"]
[Site "Polanica-Zdroj"]
[Date "2022.08.20"]
[Round "8.12"]
[White "Rzenca, Jerzy"]
[Black "Lewandrowski, Tomasz"]
[Result "0-1"]
[ECO "A30"]
[WhiteElo "1668"]
[BlackElo "1902"]
[Annotator "NA RC"]
[PlyCount "70"]
[EventDate "2022.08.13"]
[EventCountry "POL"]
[SourceTitle "playchess.com"]
[Source "ChessBase"]
[SourceQuality "1"]
[TimeControl "40/5400+30:1800+30"]

1. c4 c5 2. g3 g6 3. Bg2 Bg7 4. Nc3 d6 5. d3 Nc6 6. Rb1 e5 7. e4 h5 8. Nf3 Bg4 9. h3 Bxf3 10. Bxf3 Bh6 11. O-O Bxc1 12. Qxc1 h4 13. Kg2 Qd7 14. g4 f6 15. Bd1 O-O-O 16. Ba4 Nge7 17. b4 cxb4 18. Rxb4 f5 19. f3 fxg4 20. fxg4 Rdf8 21. Rb2 Qd8 22. Bxc6 Nxc6 23. Nd5 Nd4 24. c5 Rxf1 25. Kxf1 Rf8+ 26. Kg2 dxc5 27. Qxc5+ Kb8 28. Ne7 Ka8 29. Nxg6 Rf3 30. Nxe5 Rg3+ 31. Kh2 Ne6 32. Qb5 Qb8 33. Rd2 a6 34. Qb2 Ng5 35. Qc3 Nxe4 0-1

[Event "58th Akiba Rubinstein B 2022"]
[Site "Polanica-Zdroj"]
[Date "2022.08.20"]
[Round "8.13"]
[White "Wilk, Aleksander"]
[Black "Penza, Denis"]
[Result "1/2-1/2"]
[ECO "B00"]
[WhiteElo "1569"]
[BlackElo "1836"]
[Annotator "NA"]
[PlyCount "80"]
[EventDate "2022.08.13"]
[EventCountry "POL"]
[SourceTitle "playchess.com"]
[Source "ChessBase"]
[SourceQuality "1"]
[TimeControl "40/5400+30:1800+30"]

1. e4 Nc6 2. d3 e5 3. Nc3 Nf6 4. Nf3 Be7 5. Be2 d5 6. exd5 Nxd5 7. Nxd5 Qxd5 8. Bd2 Be6 9. a3 f6 10. c4 Qd7 11. Bc3 O-O-O 12. Qa4 Kb8 13. b4 Nd4 14. Qxd7 Nxf3+ 15. Bxf3 Rxd7 16. O-O-O Rhd8 17. Kc2 Bf5 18. Be4 Bxe4 19. dxe4 c6 20. Rxd7 Rxd7 21. Rd1 Rxd1 22. Kxd1 b5 23. cxb5 cxb5 24. Kc2 Kb7 25. Kd3 a5 26. f3 Kc6 27. g4 a4 28. h3 Kd6 29. Bd2 Ke6 30. Be1 g6 31. Bh4 Bf8 32. Be1 Bh6 33. Bd2 Bf8 34. Be3 Kf7 35. Bd2 h5 36. Be3 Kg8 37. f4 hxg4 38. hxg4 exf4 39. Bxf4 Kf7 40. Kd4 Ke6 1/2-1/2

[Event "58th Akiba Rubinstein B 2022"]
[Site "Polanica-Zdroj"]
[Date "2022.08.20"]
[Round "8.14"]
[White "Rylski, Tadeusz"]
[Black "Turek, Michal"]
[Result "1-0"]
[ECO "C78"]
[WhiteElo "1794"]
[BlackElo "1681"]
[Annotator "NA RC"]
[PlyCount "41"]
[EventDate "2022.08.13"]
[EventCountry "POL"]
[SourceTitle "playchess.com"]
[Source "ChessBase"]
[SourceQuality "1"]
[TimeControl "40/5400+30:1800+30"]

1. e4 e5 2. Nf3 Nc6 3. Bb5 a6 4. Ba4 Nf6 5. O-O Bc5 6. c3 b5 7. Bc2 d5 8. a4 Rb8 9. axb5 axb5 10. d4 dxe4 11. Nxe5 Nxe5 12. dxc5 Qxd1 13. Rxd1 O-O 14. Bf4 Re8 15. Bxe5 Rxe5 16. Rd8+ Ne8 17. Ra7 e3 18. fxe3 Bf5 19. Rxb8 Bxc2 20. Na3 Bg6 21. Nxb5 1-0

[Event "58th Akiba Rubinstein B 2022"]
[Site "Polanica-Zdroj"]
[Date "2022.08.20"]
[Round "8.15"]
[White "Kowalczyk, Wojciech"]
[Black "Szydelko, Michal"]
[Result "1-0"]
[ECO "C24"]
[WhiteElo "1835"]
[BlackElo "1833"]
[Annotator "NA RC"]
[PlyCount "96"]
[EventDate "2022.08.13"]
[EventCountry "POL"]
[SourceTitle "playchess.com"]
[Source "ChessBase"]
[SourceQuality "1"]
[TimeControl "40/5400+30:1800+30"]

1. e4 e5 2. Bc4 Nf6 3. d3 Nc6 4. Nc3 Bb4 5. Nge2 d5 6. exd5 Nxd5 7. O-O Nxc3 8. Nxc3 O-O 9. Qh5 Bxc3 10. bxc3 Qf6 11. Rb1 Qg6 12. Qxg6 hxg6 13. f4 Na5 14. Bd5 c6 15. Bf3 exf4 16. Ba3 Bd7 17. Bxf8 Kxf8 18. Bd1 g5 19. h4 gxh4 20. Rxf4 g5 21. Rd4 Be6 22. Bg4 Bxg4 23. Rxg4 f6 24. Rf1 Kg7 25. Re4 Kg6 26. Re7 Rf8 27. Rfe1 Rd8 28. R1e6 Rd5 29. c4 Rd4 30. Re4 Rd6 31. R4e6 Rxe6 32. Rxe6 Kf7 33. Rd6 c5 34. Rd5 Ke6 35. Rxc5 Nc6 36. Kf2 f5 37. Rb5 b6 38. c5 bxc5 39. Rxc5 Nb4 40. a3 Nd5 41. Ra5 Nf4 42. Rxa7 h3 43. gxh3 Nxh3+ 44. Kg3 g4 45. a4 Ng1 46. Rg7 Ne2+ 47. Kf2 Nd4 48. a5 Kd5 1-0

[Event "58th Akiba Rubinstein B 2022"]
[Site "Polanica-Zdroj"]
[Date "2022.08.21"]
[Round "9.1"]
[White "Terkiewicz, Bruno"]
[Black "Chmiel, Marcin"]
[Result "0-1"]
[ECO "D70"]
[WhiteElo "1473"]
[BlackElo "2192"]
[Annotator "TA"]
[PlyCount "56"]
[EventDate "2022.08.13"]
[EventCountry "POL"]
[SourceTitle "playchess.com"]
[Source "ChessBase"]
[SourceQuality "1"]
[TimeControl "40/5400+30:1800+30"]

1. d4 d5 2. c4 c6 3. Nf3 Nf6 4. Nbd2 Bf5 5. Nh4 Be4 6. e3 {[%emt 0:00:09] D11: Slav Defence: 3 Nf3 sidelines and 3...Nf6 4 e3 Bg4.} e6 7. Be2 Bd6 8. Nhf3 {[%emt 0:03:02] The position is equal.} (8. O-O {with more complications.} O-O 9. g3 c5 10. a3) 8... O-O 9. O-O Nbd7 10. Nxe4 Nxe4 11. Qc2 f5 {[%emt 0:01:40] [#]} 12. b3 $146 ({Predecessor:} 12. b4 Rf6 13. b5 Rh6 14. g3 Rc8 15. bxc6 bxc6 16. Rb1 Ndf6 17. Ne5 Bxe5 18. dxe5 {0-1 (38) Postny,E (2600)-Le,T (2501) Chess.com INT 2020}) 12... Qf6 13. a4 g5 {[%emt 0:06:56][%cal Bg7g5,Bg5g4][%mdl 32] Hoping for ...g4.} 14. Ba3 (14. Nd2 $11 {feels stronger.}) 14... g4 $1 $15 15. Ne1 {[%emt 0:08:07] [#]} (15. Bxd6 $15 gxf3 16. Bxf8 fxe2 17. Qxe2 Qxf8 18. Rac1) 15... Bxh2+ $1 $17 16. Kxh2 Qh4+ $2 (16... Qh6+ $17 17. Kg1 g3) 17. Kg1 $16 Rf6 18. Be7 $1 ({Much worse is} 18. g3 $6 Nxg3 $1 19. fxg3 Qxg3+ 20. Ng2 Rh6 $14) 18... Raf8 19. Bxf6 $2 (19. Bxf8 Nxf8 20. g3 Qh3 21. Bxg4 fxg4 $17) ({White must play} 19. g3 $1 $18 Nxg3 20. fxg3 Qxg3+ 21. Ng2) 19... Rxf6 $17 {[%emt 0:01:00] The board is on fire.} 20. g3 Qh3 $40 {[%emt 0:02:50][%mdl 128] ( -> ...Rh6). Black goes for the king.} 21. Ng2 $2 {[%emt 0:00:54] [#] This costs White the game.} (21. Bxg4 $17 fxg4 22. f3) 21... Rh6 $1 $19 22. Nh4 {[%emt 0:00:09] [#]} Ng5 (22... Nxg3 $142 $1 23. f4 Qxh4) 23. Bxg4 fxg4 24. f4 Qxg3+ 25. Qg2 Nh3+ 26. Kh1 Qxh4 27. Ra2 g3 28. Rf3 Nxf4+ {[%emt 0:00:30] Weighted Error Value: White=0.84/Black=0.42} 0-1

[Event "58th Akiba Rubinstein B 2022"]
[Site "Polanica-Zdroj"]
[Date "2022.08.21"]
[Round "9.2"]
[White "Zerebiec, Maurycy"]
[Black "Mielczarek, Daniel"]
[Result "1/2-1/2"]
[ECO "A11"]
[WhiteElo "1915"]
[BlackElo "1912"]
[Annotator "NA RC"]
[PlyCount "25"]
[EventDate "2022.08.13"]
[EventCountry "POL"]
[SourceTitle "playchess.com"]
[Source "ChessBase"]
[SourceQuality "1"]
[TimeControl "40/5400+30:1800+30"]

1. c4 c6 2. Nc3 d5 3. cxd5 cxd5 4. d4 Nf6 5. Nf3 Nc6 6. Bf4 a6 7. e3 Bg4 8. Be2 e6 9. Ne5 Bxe2 10. Qxe2 Rc8 11. O-O Bd6 12. Rac1 O-O 13. Nxc6 1/2-1/2

[Event "58th Akiba Rubinstein B 2022"]
[Site "Polanica-Zdroj"]
[Date "2022.08.21"]
[Round "9.3"]
[White "Lukasiewicz, Anna"]
[Black "Jaworski, Tymon"]
[Result "1-0"]
[ECO "C77"]
[WhiteElo "1954"]
[BlackElo "1701"]
[Annotator "NA RC"]
[PlyCount "87"]
[EventDate "2022.08.13"]
[EventCountry "POL"]
[SourceTitle "playchess.com"]
[Source "ChessBase"]
[SourceQuality "1"]
[TimeControl "40/5400+30:1800+30"]

1. e4 e5 2. Nf3 Nc6 3. Bb5 a6 4. Ba4 Nf6 5. d3 b5 6. Bb3 Be7 7. c3 d6 8. O-O O-O 9. a4 Bb7 10. Re1 h6 11. Nbd2 Re8 12. Nf1 Bf8 13. Ng3 Na5 14. Bc2 c5 15. Nf5 Qc7 16. h3 d5 17. Nh2 dxe4 18. dxe4 Nc6 19. Qf3 Nh7 20. Ng4 Re6 21. axb5 axb5 22. Rxa8 Bxa8 23. Nge3 Ne7 24. Nd5 Qb7 25. Qg3 Nxf5 26. exf5 Re8 27. Be4 Qb8 28. f6 Bxd5 29. fxg7 Bd6 30. Bxd5 Qd8 31. Bc6 Re6 32. Bxb5 Rg6 33. Qe3 Ng5 34. Kh1 Rxg7 35. Bc6 f5 36. Rd1 Qe7 37. Qd3 Nf7 38. Qxf5 Qc7 39. Bd5 Rh7 40. Bxf7+ Rxf7 41. Qg6+ Kf8 42. Rxd6 Rxf2 43. Bxh6+ Ke7 44. Qe6# 1-0

[Event "58th Akiba Rubinstein B 2022"]
[Site "Polanica-Zdroj"]
[Date "2022.08.21"]
[Round "9.4"]
[White "Owoc, Jakub"]
[Black "Smukowski, Bartosz"]
[Result "0-1"]
[ECO "A05"]
[WhiteElo "1756"]
[BlackElo "1696"]
[Annotator "NA"]
[PlyCount "146"]
[EventDate "2022.08.13"]
[EventCountry "POL"]
[SourceTitle "playchess.com"]
[Source "ChessBase"]
[SourceQuality "1"]
[TimeControl "40/5400+30:1800+30"]

1. Nf3 Nf6 2. b3 g6 3. Bb2 Bg7 4. g3 b6 5. Bg2 Bb7 6. d4 c5 7. O-O cxd4 8. Bxd4 O-O 9. Na3 d6 10. c4 Na6 11. Rc1 Nc7 12. Re1 Ne6 13. e3 Rc8 14. Qe2 Re8 15. b4 Qd7 16. Qb2 Nxd4 17. exd4 a6 18. Qb3 h6 19. Rcd1 Qc7 20. h3 e6 21. Rc1 Qd7 22. Nc2 Nh7 23. Rcd1 Ng5 24. Nxg5 hxg5 25. Bxb7 Qxb7 26. Ne3 Rc7 27. Qd3 Rec8 28. Rc1 Qf3 29. Qd1 Qxd1 30. Rexd1 Bf8 31. Kf1 f5 32. Rd2 f4 33. gxf4 gxf4 34. Ng2 Rxc4 35. Rxc4 Rxc4 36. a3 Rc3 37. a4 Bh6 38. Ne1 Rxh3 39. f3 Rh1+ 40. Kf2 Bg5 41. Ke2 Kf7 42. Rc2 Rh2+ 43. Kd3 Rxc2 44. Nxc2 d5 45. b5 axb5 46. axb5 Be7 47. Ke2 Kf6 48. Ne1 Kf5 49. Nd3 Bd6 50. Nf2 e5 51. Kd3 g5 52. dxe5 Bxe5 53. Ng4 Bb2 54. Nh6+ Kg6 55. Ng4 Kh5 56. Ke2 Kh4 57. Nh6 Kh3 58. Nf5 Bf6 59. Kf2 g4 60. fxg4 Kxg4 61. Nd6 Bd4+ 62. Kf1 Kf3 63. Nc8 Bc5 64. Na7 d4 65. Nc6 d3 66. Ne5+ Ke4 67. Nc4 Be3 68. Ke1 d2+ 69. Kd1 Kf3 70. Ne5+ Kg3 71. Nc4 Kg2 72. Ke2 f3+ 73. Kd1 Bf4 0-1

[Event "58th Akiba Rubinstein B 2022"]
[Site "Polanica-Zdroj"]
[Date "2022.08.21"]
[Round "9.5"]
[White "Twardowski, Hubert"]
[Black "Kossowski, Pawel"]
[Result "0-1"]
[ECO "C48"]
[WhiteElo "1849"]
[BlackElo "1737"]
[Annotator "NA RC"]
[PlyCount "148"]
[EventDate "2022.08.13"]
[EventCountry "POL"]
[SourceTitle "playchess.com"]
[Source "ChessBase"]
[SourceQuality "1"]
[TimeControl "40/5400+30:1800+30"]

1. e4 e5 2. Nf3 Nc6 3. Nc3 Nf6 4. Bb5 Nd4 5. O-O c6 6. Bd3 Nxf3+ 7. Qxf3 d6 8. a4 a5 9. Bc4 Be7 10. d3 O-O 11. Qe2 Bg4 12. f3 Be6 13. Bxe6 fxe6 14. f4 exf4 15. Rxf4 e5 16. Rf5 Qb6+ 17. Kh1 Nd7 18. Rxf8+ Rxf8 19. Nd1 Nc5 20. Ne3 Ne6 21. Nf5 Qd8 22. Be3 Bg5 23. Bxg5 Qxg5 24. h4 Qf6 25. Qg4 Nd4 26. Nxd4 exd4 27. Re1 h6 28. h5 Qf2 29. Qe2 Rf4 30. Qxf2 Rxf2 31. e5 dxe5 32. Rxe5 Rxc2 33. Rxa5 Rxb2 34. Ra7 Kf7 35. Kg1 Kf6 36. Kf1 Kg5 37. a5 Kxh5 38. a6 bxa6 39. Rxg7 c5 40. Ra7 Ra2 41. Rc7 Rc2 42. Ra7 Ra2 43. Rc7 Ra5 44. Rc6 Kg5 45. Kf2 h5 46. Kf3 h4 47. Rd6 Kf5 48. Rd5+ Ke6 49. Rh5 Ra3 50. Rxc5 Rxd3+ 51. Ke4 Ra3 52. Rc6+ Kf7 53. Rh6 d3 54. Ke3 Ra4 55. Kxd3 Kg7 56. Rb6 a5 57. Ke3 Kf7 58. Ra6 Ke7 59. Kf3 Kd7 60. Ke3 Kc7 61. Kf3 Kb7 62. Rh6 Rb4 63. Ke3 a4 64. Rf6 a3 65. Rf2 Rb2 66. Rf4 a2 67. Ra4 Rxg2 68. Kf3 h3 69. Ra3 Kb6 70. Ra4 Kb5 71. Ra8 Kb4 72. Ra7 Kb3 73. Rb7+ Kc2 74. Ra7 Kb1 0-1

[Event "58th Akiba Rubinstein B 2022"]
[Site "Polanica-Zdroj"]
[Date "2022.08.21"]
[Round "9.6"]
[White "Nowak, Roksana"]
[Black "Buchholz, Maja"]
[Result "1/2-1/2"]
[ECO "C11"]
[WhiteElo "1779"]
[BlackElo "1879"]
[Annotator "NA RC"]
[PlyCount "82"]
[EventDate "2022.08.13"]
[EventCountry "POL"]
[SourceTitle "playchess.com"]
[Source "ChessBase"]
[SourceQuality "1"]
[TimeControl "40/5400+30:1800+30"]

1. e4 e6 2. d4 d5 3. Nc3 Nf6 4. Bg5 h6 5. Bxf6 Qxf6 6. exd5 Bb4 7. Nf3 exd5 8. Qd2 Be6 9. a3 Be7 10. Nb5 Na6 11. Nc3 O-O 12. Bxa6 bxa6 13. Ne2 Rab8 14. b3 Bd6 15. O-O Rfe8 16. Ng3 Bg4 17. Ne1 c5 18. h3 Be6 19. Nf3 Rec8 20. Qe2 cxd4 21. Nh5 Qg6 22. Nh4 Qg5 23. g3 Bxh3 24. Ng2 Rb6 25. Nhf4 Bxf4 26. Nxf4 Bxf1 27. Kxf1 Rbc6 28. Rc1 Qf5 29. b4 Rxc2 30. Rxc2 Rxc2 31. Qd1 Rc4 32. Nd3 Qe4 33. Qd2 Rc3 34. Ne1 Rxa3 35. Qc1 Ra2 36. Kg1 Qe2 37. Qc8+ Kh7 38. Qf5+ g6 39. Qxf7+ Kh8 40. Qf8+ Kh7 41. Qf7+ Kh8 1/2-1/2

[Event "58th Akiba Rubinstein B 2022"]
[Site "Polanica-Zdroj"]
[Date "2022.08.21"]
[Round "9.7"]
[White "Graff, Slawomir"]
[Black "Rogala, Milosz"]
[Result "0-1"]
[ECO "D10"]
[WhiteElo "1782"]
[BlackElo "1837"]
[Annotator "NA RC"]
[PlyCount "46"]
[EventDate "2022.08.13"]
[EventCountry "POL"]
[SourceTitle "playchess.com"]
[Source "ChessBase"]
[SourceQuality "1"]
[TimeControl "40/5400+30:1800+30"]

1. d4 d5 2. c4 c6 3. cxd5 cxd5 4. Nf3 Nc6 5. Nc3 a6 6. a3 Nf6 7. Bf4 g6 8. e3 Bg7 9. Bd3 O-O 10. h3 Kh8 11. O-O Bf5 12. Bxf5 gxf5 13. Ne5 e6 14. Nxc6 bxc6 15. Be5 Rg8 16. f4 Nd7 17. Bxg7+ Rxg7 18. Qh5 Qf6 19. Kh2 Rag8 20. Rf2 Rg3 21. Re1 Qg7 22. Qe2 Nf6 23. Rg1 Rxh3+ 0-1

[Event "58th Akiba Rubinstein B 2022"]
[Site "Polanica-Zdroj"]
[Date "2022.08.21"]
[Round "9.9"]
[White "Jankowski, Aleksander"]
[Black "Rylski, Tadeusz"]
[Result "1/2-1/2"]
[ECO "D11"]
[WhiteElo "1715"]
[BlackElo "1794"]
[Annotator "NA"]
[PlyCount "137"]
[EventDate "2022.08.13"]
[EventCountry "POL"]
[SourceTitle "playchess.com"]
[Source "ChessBase"]
[SourceQuality "1"]
[TimeControl "40/5400+30:1800+30"]

1. d4 d5 2. c4 c6 3. Nf3 Nf6 4. g3 Bf5 5. Nc3 h6 6. cxd5 Nxd5 7. Qb3 Qb6 8. Nxd5 Qxb3 9. Nc7+ Kd8 10. axb3 Kxc7 11. Bf4+ Kc8 12. Bg2 g5 13. Bd2 Bg7 14. Bc3 Nd7 15. O-O Be4 16. Rfc1 Nf6 17. Ne5 Bxg2 18. Kxg2 Rf8 19. Nc4 Kd7 20. f3 Nd5 21. e4 Nxc3 22. bxc3 Rfd8 23. Ne3 e6 24. Rc2 a6 25. Rd1 Rac8 26. c4 Ke8 27. Rcd2 Rd7 28. d5 cxd5 29. exd5 b5 30. dxe6 Rxd2+ 31. Rxd2 fxe6 32. Rd6 Ke7 33. Rxa6 Bd4 34. Nc2 Bb2 35. Ra2 Bf6 36. cxb5 Rb8 37. Ra7+ Kd6 38. Na3 Kc5 39. Ra4 Rd8 40. Rc4+ Kd5 41. Nc2 Rb8 42. Ne3+ Kd6 43. Rc6+ Kd7 44. Nc4 Rxb5 45. Rd6+ Ke7 46. Rb6 Rxb6 47. Nxb6 Kd6 48. Kf1 Kc6 49. Nc4 Kc5 50. Ke2 Kd4 51. Nd2 Be7 52. Ne4 g4 53. Nd2 gxf3+ 54. Kxf3 e5 55. Ne4 h5 56. h3 Kd3 57. Nf2+ Kd4 58. Ne4 Kd3 59. g4 hxg4+ 60. hxg4 Kd4 61. b4 Bxb4 62. g5 Bf8 63. g6 Bh6 64. Nd6 e4+ 65. Nxe4 Ke5 66. Nf2 Kf6 67. Ng4+ Kxg6 68. Nxh6 Kxh6 69. Ke4 1/2-1/2